 Dungeon Crawl Stone Soup version 0.21.1-1-g345015f (webtiles) character file.

2084 tidbits the Insei (level 9, -6/67 HPs)
             Began as a Gnoll Transmuter on Mar 6, 2018.
             Was an Initiate of Cheibriados.
             Mangled by a skeletal warrior
             ... wielding a +0 flail
             ... led by a skeletal warrior
              (12 damage)
             ... on level 8 of the Dungeon.
             The game lasted 00:20:00 (2212 turns).

tidbits the Insei (Gnoll Transmuter)                Turns: 2212, Time: 00:20:01

Health: -6/67      AC:  7    Str: 13    XL:     9   Next: 27%
Magic:  0/18       EV: 15    Int: 20    God:    Cheibriados [......]
Gold:   163        SH:  0    Dex: 17    Spells: 15/21 levels left

rFire    . . .     SeeInvis .   a - +3 dire flail (holy)
rCold    + . .     Gourm    .   (shield currently unavailable)
rNeg     . . .     Faith    .   B - +2 leather armour {rC+}
rPois    .         Spirit   +   E - +0 helmet
rElec    .         Reflect  .   C - +0 cloak
rCorr    .         Harm     .   (no gloves)
MR       .....                  (no boots)
Stlth    +++.......             w - amulet of guardian spirit
HPRegen  0.21/turn              (no ring)
MPRegen  0.16/turn              (no ring)

@: very slow
A: distributed training, fangs 1, strong nose
a: Bend Time, Renounce Religion


You were on level 8 of the Dungeon.
You worshipped Cheibriados.
Cheibriados was noncommittal.
You were not hungry.

You visited 2 branches of the dungeon, and saw 9 of its levels.
You also visited: Sewer.

You collected 163 gold pieces.

Inventory:

Hand Weapons
 a - a +3 dire flail of holy wrath (weapon)
   (You took it off Edmund on level 4 of the Dungeon)
 e - a +0 dagger
 g - a +0 blowgun
 n - a +2 dagger of protection
   (You took it off an orc on level 4 of the Dungeon)
 s - a +2 hunting sling of freezing
   (You took it off a goblin on level 4 of the Dungeon)
 u - a +0 hunting sling
 y - a +0 blowgun
 J - a +2 whip of electrocution
   (You took it off Pikel on level 6 of the Dungeon)
 K - a +1 flail of protection
   (You took it off an orc on level 6 of the Dungeon)
 L - a +1 trident of protection
   (You took it off an orc on level 5 of the Dungeon)
 M - a +2 quarterstaff of chaos
   (You took it off Crazy Yiuf on level 6 of the Dungeon)
Missiles
 h - 49 stones (quivered)
 j - 6 curare-tipped needles
 p - 38 sling bullets
 z - 24 poisoned needles
 N - 18 tomahawks
Armour
 b - a +0 robe
 f - a +0 ring mail
 v - a +1 animal skin
 B - a +2 leather armour of cold resistance (worn)
   (You took it off an orc on level 2 of the Dungeon)
 C - a +0 cloak (worn)
 E - a +0 helmet (worn)
Jewellery
 l - an uncursed amulet of harm
   (You found it in a sewer)
 w - an amulet of guardian spirit (around neck)
   (You found it on level 3 of the Dungeon)
Wands
 q - a wand of paralysis (13)
 H - a wand of iceblast (11)
 O - a wand of polymorph (11)
Scrolls
 i - 2 scrolls of identify
 k - 2 scrolls of enchant weapon
 r - 3 scrolls of remove curse
 t - 3 scrolls of teleportation
 x - 3 scrolls of amnesia
 F - a scroll of fear
Potions
 m - a potion of brilliance
 o - 2 potions of flight
 A - a potion of degeneration
 G - a potion of magic
 I - a potion of ambrosia
Books
 c - a book of Changes

   Spells                             Type                      Level
   a - Beastly Appendage              Transmutation                1
   b - Sticks to Snakes               Transmutation                2
   c - Spider Form                    Transmutation/Poison         3
   d - Ice Form                       Ice/Transmutation            4
   e - Blade Hands                    Transmutation                5
Comestibles
 d - 7 rations


   Skills:
 + Level 4.8 Fighting
 + Level 4.0 Short Blades
 + Level 4.0 Long Blades
 + Level 4.0 Axes
 + Level 4.0 Maces & Flails
 + Level 4.0 Polearms
 + Level 4.0 Staves
 + Level 4.0 Slings
 + Level 4.0 Bows
 + Level 4.0 Crossbows
 + Level 4.0 Throwing
 + Level 4.0 Armour
 + Level 6.1 Dodging
 + Level 4.0 Stealth
 + Level 4.0 Shields
 + Level 7.7 Unarmed Combat
 + Level 6.5 Spellcasting
 + Level 3.3 Conjurations
 + Level 3.3 Hexes
 + Level 3.3 Charms
 + Level 3.3 Summonings
 + Level 3.3 Necromancy
 + Level 3.3 Translocations
 + Level 5.1 Transmutations
 + Level 3.3 Fire Magic
 + Level 3.3 Ice Magic
 + Level 3.3 Air Magic
 + Level 3.3 Earth Magic
 + Level 3.3 Poison Magic
 + Level 4.4 Invocations
 + Level 4.0 Evocations


You had 15 spell levels left.
You knew the following spells:

 Your Spells              Type           Power        Failure   Level  Hunger
e - Beastly Appendage     Tmut           ####..       1%          1    None
k - Sticks to Snakes      Tmut           ####....     2%          2    None
p - Spider Form           Tmut/Pois      ###.......   6%          3    #......


Dungeon Overview and Level Annotations

Branches:
Dungeon (8/15)             Temple (1/1) D:7
   Lair: D:8-11

Altars:
Cheibriados
Dithmenos
Hepliaklqana
Vehumet
Zin


Innate Abilities, Weirdness & Mutations

Your experience applies equally to all skills.
You have very sharp teeth.
Your uncanny sense of smell can sniff out nearby items.


Message History

You see here a wand of polymorph (11).
O - a wand of polymorph (11)
Your transformation is almost over.
Found an escape hatch in the ceiling.
Your transformation has ended.
Your +2 dagger of protection unmelds from your body.
Your +0 cloak unmelds from your body.
Your +0 helmet unmelds from your body.
Your +2 leather armour of cold resistance unmelds from your body.
Your +2 dagger of protection hums with potential!
You feel resistant to cold.
An adder comes into view.
Found an escape hatch in the floor.
Found 13 bolts.
Found a stone staircase leading up.
A skeletal warrior comes into view. It is wielding a flail.
Found 12 gold pieces.
Throwing (i - inventory. (,) - cycle):
h - 50 stones (quivered)
Press: ? - help, Shift-Dir - straight line, f - adder
Aim: an adder (resting)
You throw a stone. The stone hits the adder.
The adder hisses angrily.
The adder is moderately wounded.
A skeletal warrior comes into view. It is wielding a glaive.
Casting: Spider Form
Confirm with . or Enter, or press ? or * to list all spells.
You turn into a venomous arachnid creature.
Your +2 dagger of protection melds into your body.
Your +0 cloak melds into your body.
Your +0 helmet melds into your body.
Your +2 leather armour of cold resistance melds into your body.
Your +2 dagger of protection goes still.
You feel less resistant to cold.
You hit the adder.
The adder is heavily wounded.
The adder bites you.
You hit the adder.
The adder is almost dead.
The adder completely misses you. The adder misses you.
You bite the adder!
You kill the adder!
Cheibriados appreciates the change of pace.
Okay, then.
Okay, then.
You hit the skeletal warrior.
The skeletal warrior is lightly damaged.
You hit the skeletal warrior but do no damage.
The skeletal warrior is lightly damaged.
The skeletal warrior hits you with a flail.
You hit the skeletal warrior but do no damage.
The skeletal warrior is lightly damaged.
The skeletal warrior misses you.
You hit the skeletal warrior.
The skeletal warrior is lightly damaged.
The skeletal warrior misses you.
You hit the skeletal warrior but do no damage.
The skeletal warrior is lightly damaged.
You completely miss the skeletal warrior.
The skeletal warrior is lightly damaged.
The skeletal warrior hits you with a flail!
You hit the skeletal warrior but do no damage.
The skeletal warrior is lightly damaged.
The skeletal warrior completely misses you.
You hit the skeletal warrior but do no damage.
The skeletal warrior is lightly damaged.
You hit the skeletal warrior.
The skeletal warrior is lightly damaged.
The skeletal warrior barely misses you.
You hit the skeletal warrior.
The skeletal warrior is moderately damaged.
The skeletal warrior misses you.
You bite the skeletal warrior!
The skeletal warrior is moderately damaged.
You hit the skeletal warrior.
The skeletal warrior is heavily damaged.
Your transformation is almost over.
The skeletal warrior hits you with a flail!!
* * * LOW HITPOINT WARNING * * *
You barely miss the skeletal warrior.
The skeletal warrior is heavily damaged.
The skeletal warrior hits you but does no damage.
You hit the skeletal warrior but do no damage.
The skeletal warrior is heavily damaged.
The skeletal warrior hits you with a flail!!
* * * LOW HITPOINT WARNING * * *
You feel better. The skeletal warrior barely misses you.
Your transformation has ended.
Your +2 dagger of protection unmelds from your body.
Your +0 cloak unmelds from your body.
Your +0 helmet unmelds from your body.
Your +2 leather armour of cold resistance unmelds from your body.
Your +2 dagger of protection hums with potential!
You feel resistant to cold.
Wield which item (- for none, * to show all)? (? for menu, Esc to quit)
Your +2 dagger of protection goes still.
Your +3 dire flail of holy wrath softly glows with a divine radiance!
a - a +3 dire flail of holy wrath (weapon)
The skeletal warrior hits you with a flail!!
* * * LOW HITPOINT WARNING * * *
You closely miss the skeletal warrior.
The skeletal warrior is heavily damaged.
The skeletal warrior hits you with a flail!
You die...

##..#######
#...## #....#
##...#####
#......<#
#.......#
#.......#
##......### ##
##@........#
..#
###z........##
...#
##..#.#####.##
....##
###..#### #..#
......####..###
##.#
.....(.#..###
## .........##
.......###
.......#


You could see a skeletal warrior.

Vanquished Creatures
  Pikel (D:6)
  Grinder (D:4)
  Edmund (D:4)
  2 sky beasts
  A black bear (D:5)
  A slave (D:6)
  An ogre (D:7)
  A phantom (D:6)
  2 crocodiles
  A howler monkey (D:8)
  2 crimson imps
  Crazy Yiuf (D:6)
  An orc priest (D:6)
  3 orc wizards
  A centaur skeleton (D:4)
  A hound (D:5)
  A bullfrog skeleton (D:7)
  Ijyb (D:4)
  Terence (D:2)
  2 iguanas
  2 worker ants
  A hound zombie (D:7)
  Robin (D:4)
  6 gnolls
  6 adders
  3 shadow imps
  An ooze (D:2)
  5 worms
  2 leopard geckos (D:2)
  22 orcs
  2 giant cockroaches
  11 goblins
  7 hobgoblins
  4 jackals
  A quokka (D:2)
  A ball python skeleton (D:4)
  A bat (D:3)
  4 frilled lizards
  7 kobolds
113 creatures vanquished.

Vanquished Creatures (collateral kills)
  An orc priest (D:2)
  A hound (D:4)
  An orc wizard (D:5)
  A gnoll (D:4)
  An adder (D:4)
  An orc (D:5)
  A hobgoblin (D:4)
  A frilled lizard (D:5)
  A rat (D:2)
9 creatures vanquished.

Vanquished Creatures (others)
  A slave (D:6)
  A gnoll shaman (D:6)
2 creatures vanquished.

Grand Total: 124 creatures vanquished

Notes
Turn   | Place    | Note
-------+----------+-------------------------------------------
     0 | D:1      | tidbits the Gnoll Transmuter began the quest for the Orb.
     0 | D:1      | Reached XP level 1. HP: 17/17 MP: 6/6
    89 | D:2      | Reached XP level 2. HP: 23/23 MP: 5/7
    99 | D:2      | Learned a level 2 spell: Sticks to Snakes
   145 | D:2      | Reached skill level 5 in Spellcasting
   145 | D:2      | Reached skill level 1 in Invocations
   145 | D:2      | Reached XP level 3. HP: 24/28 MP: 5/9
   156 | D:2      | Reached skill level 1 in Short Blades
   156 | D:2      | Reached skill level 1 in Long Blades
   156 | D:2      | Reached skill level 1 in Axes
   156 | D:2      | Reached skill level 1 in Maces & Flails
   156 | D:2      | Reached skill level 1 in Polearms
   156 | D:2      | Reached skill level 1 in Staves
   156 | D:2      | Reached skill level 1 in Slings
   156 | D:2      | Reached skill level 1 in Bows
   156 | D:2      | Reached skill level 1 in Crossbows
   156 | D:2      | Reached skill level 1 in Throwing
   156 | D:2      | Reached skill level 1 in Armour
   156 | D:2      | Reached skill level 1 in Stealth
   156 | D:2      | Reached skill level 1 in Shields
   156 | D:2      | Reached skill level 1 in Evocations
   239 | D:2      | Reached XP level 4. HP: 15/34 MP: 9/11
   244 | D:2      | Learned a level 3 spell: Spider Form
   318 | D:2      | Found a glowing silver altar of Zin.
   398 | D:2      | Noticed Terence
   413 | D:2      | Killed Terence
   414 | D:2      | Reached skill level 1 in Conjurations
   414 | D:2      | Reached skill level 1 in Hexes
   414 | D:2      | Reached skill level 1 in Charms
   414 | D:2      | Reached skill level 1 in Summonings
   414 | D:2      | Reached skill level 1 in Necromancy
   414 | D:2      | Reached skill level 1 in Translocations
   414 | D:2      | Reached skill level 1 in Fire Magic
   414 | D:2      | Reached skill level 1 in Ice Magic
   414 | D:2      | Reached skill level 1 in Air Magic
   414 | D:2      | Reached skill level 1 in Earth Magic
   414 | D:2      | Reached skill level 1 in Poison Magic
   545 | D:3      | You fall through a shaft for 2 floors!
   545 | D:5      | Entered Level 5 of the Dungeon
   562 | D:5      | Reached XP level 5. HP: 24/40 MP: 3/12
   622 | D:5      | Reached skill level 3 in Fighting
   658 | D:4      | Reached skill level 4 in Transmutations
   684 | D:4      | Reached XP level 6. HP: 47/47 MP: 0/13
   709 | D:4      | Reached skill level 2 in Invocations
   744 | D:4      | Noticed Robin
   745 | D:4      | Noticed Ijyb
   766 | D:4      | Killed Ijyb
   786 | D:4      | Killed Robin
   786 | D:4      | Reached skill level 5 in Dodging
   849 | D:3      | Found a glowing drain.
   858 | Sewer    | Entered a sewer
   880 | Sewer    | Reached skill level 2 in Short Blades
   880 | Sewer    | Reached skill level 2 in Long Blades
   880 | Sewer    | Reached skill level 2 in Axes
   880 | Sewer    | Reached skill level 2 in Maces & Flails
   880 | Sewer    | Reached skill level 2 in Polearms
   880 | Sewer    | Reached skill level 2 in Staves
   880 | Sewer    | Reached skill level 2 in Slings
   880 | Sewer    | Reached skill level 2 in Bows
   880 | Sewer    | Reached skill level 2 in Crossbows
   880 | Sewer    | Reached skill level 2 in Throwing
   880 | Sewer    | Reached skill level 2 in Armour
   880 | Sewer    | Reached skill level 2 in Stealth
   880 | Sewer    | Reached skill level 2 in Shields
   880 | Sewer    | Reached skill level 2 in Evocations
  1141 | D:4      | Found a hazy altar of Hepliaklqana.
  1141 | D:4      | Noticed Edmund
  1155 | D:4      | Killed Edmund
  1155 | D:4      | Reached skill level 7 in Unarmed Combat
  1155 | D:4      | Reached XP level 7. HP: 49/52 MP: 7/15
  1225 | D:4      | Found a radiant altar of Vehumet.
  1279 | D:4      | Reached skill level 2 in Conjurations
  1279 | D:4      | Reached skill level 2 in Hexes
  1279 | D:4      | Reached skill level 2 in Charms
  1279 | D:4      | Reached skill level 2 in Summonings
  1279 | D:4      | Reached skill level 2 in Necromancy
  1279 | D:4      | Reached skill level 2 in Translocations
  1279 | D:4      | Reached skill level 2 in Fire Magic
  1279 | D:4      | Reached skill level 2 in Ice Magic
  1279 | D:4      | Reached skill level 2 in Air Magic
  1279 | D:4      | Reached skill level 2 in Earth Magic
  1279 | D:4      | Reached skill level 2 in Poison Magic
  1295 | D:4      | Noticed Grinder
  1304 | D:4      | Killed Grinder
  1304 | D:4      | Reached skill level 3 in Invocations
  1458 | D:5      | Reached XP level 8. HP: 60/60 MP: 12/16
  1573 | D:5      | Noticed a moth of wrath
  1625 | D:6      | Reached skill level 4 in Fighting
  1625 | D:6      | Reached skill level 3 in Short Blades
  1625 | D:6      | Reached skill level 3 in Long Blades
  1625 | D:6      | Reached skill level 3 in Axes
  1625 | D:6      | Reached skill level 3 in Maces & Flails
  1625 | D:6      | Reached skill level 3 in Polearms
  1625 | D:6      | Reached skill level 3 in Staves
  1625 | D:6      | Reached skill level 3 in Slings
  1625 | D:6      | Reached skill level 3 in Bows
  1625 | D:6      | Reached skill level 3 in Crossbows
  1625 | D:6      | Reached skill level 3 in Throwing
  1625 | D:6      | Reached skill level 3 in Armour
  1625 | D:6      | Reached skill level 3 in Stealth
  1625 | D:6      | Reached skill level 3 in Shields
  1625 | D:6      | Reached skill level 3 in Evocations
  1684 | D:6      | Reached skill level 6 in Spellcasting
  1792 | D:6      | Noticed Pikel
  1808 | D:6      | Killed Pikel
  1808 | D:6      | Reached skill level 6 in Dodging
  1808 | D:6      | Reached skill level 3 in Conjurations
  1808 | D:6      | Reached skill level 3 in Hexes
  1808 | D:6      | Reached skill level 3 in Charms
  1808 | D:6      | Reached skill level 3 in Summonings
  1808 | D:6      | Reached skill level 3 in Necromancy
  1808 | D:6      | Reached skill level 3 in Translocations
  1808 | D:6      | Reached skill level 5 in Transmutations
  1808 | D:6      | Reached skill level 3 in Fire Magic
  1808 | D:6      | Reached skill level 3 in Ice Magic
  1808 | D:6      | Reached skill level 3 in Air Magic
  1808 | D:6      | Reached skill level 3 in Earth Magic
  1808 | D:6      | Reached skill level 3 in Poison Magic
  1808 | D:6      | Reached skill level 4 in Invocations
  1808 | D:6      | Reached XP level 9. HP: 30/66 MP: 7/18
  1824 | D:6      | Found a runed door.
  1828 | D:6      | Noticed Crazy Yiuf
  1832 | D:6      | Killed Crazy Yiuf
  1905 | D:6      | Found a shadowy altar of Dithmenos.
  1979 | D:7      | Found a staircase to the Ecumenical Temple.
  1992 | Temple   | Entered the Ecumenical Temple
  2003 | Temple   | Became a worshipper of Cheibriados the Contemplative
  2097 | D:7      | Reached skill level 4 in Short Blades
  2097 | D:7      | Reached skill level 4 in Long Blades
  2097 | D:7      | Reached skill level 4 in Axes
  2097 | D:7      | Reached skill level 4 in Maces & Flails
  2097 | D:7      | Reached skill level 4 in Polearms
  2097 | D:7      | Reached skill level 4 in Staves
  2097 | D:7      | Reached skill level 4 in Slings
  2097 | D:7      | Reached skill level 4 in Bows
  2097 | D:7      | Reached skill level 4 in Crossbows
  2097 | D:7      | Reached skill level 4 in Throwing
  2097 | D:7      | Reached skill level 4 in Armour
  2097 | D:7      | Reached skill level 4 in Stealth
  2097 | D:7      | Reached skill level 4 in Shields
  2097 | D:7      | Reached skill level 4 in Evocations
  2179 | D:8      | Noticed a skeletal warrior
  2181 | D:8      | Noticed a skeletal warrior
  2211 | D:8      | HP: 6/67 [skeletal warrior/flail[a skeletal warrior] (19)]
  2212 | D:8      | Mangled by a skeletal warrior

Skill      XL: |  1  2  3  4  5  6  7  8  9 |
---------------+----------------------------+-----
Spellcasting   | 5 6 |  6.5
Invocations    | 1 2 3 4 |  4.4
Short Blades   | 1 2 3 4 |  4.0
Long Blades    | 1 2 3 4 |  4.0
Axes           | 1 2 3 4 |  4.0
Maces & Flails | 1 2 3 4 |  4.0
Polearms       | 1 2 3 4 |  4.0
Staves         | 1 2 3 4 |  4.0
Slings         | 1 2 3 4 |  4.0
Bows           | 1 2 3 4 |  4.0
Crossbows      | 1 2 3 4 |  4.0
Throwing       | 1 2 3 4 |  4.0
Armour         | 1 2 3 4 |  4.0
Stealth        | 1 2 3 4 |  4.0
Shields        | 1 2 3 4 |  4.0
Evocations     | 1 2 3 4 |  4.0
Conjurations   | 1 2 3 |  3.3
Hexes          | 1 2 3 |  3.3
Charms         | 1 2 3 |  3.3
Summonings     | 1 2 3 |  3.3
Necromancy     | 1 2 3 |  3.3
Translocations | 1 2 3 |  3.3
Fire Magic     | 1 2 3 |  3.3
Ice Magic      | 1 2 3 |  3.3
Air Magic      | 1 2 3 |  3.3
Earth Magic    | 1 2 3 |  3.3
Poison Magic   | 1 2 3 |  3.3
Fighting       | 3 4 |  4.8
Transmutations | 4 5 |  5.1
Dodging        | 5 6 |  6.1
Unarmed Combat | 7 |  7.7

Action                   |  1- 3 |  4- 6 |  7- 9 || total
-------------------------+-------+-------+-------++-------
Melee: Unarmed           |    54 |   162 |   172 ||   388
       Kick              |    10 |     1 |       ||    11
       Bite              |     5 |     6 |     1 ||    12
       Headbutt          |     2 |     1 |       ||     3
       Punch             |     1 |       |       ||     1
       Dagger            |       |       |     7 ||     7
       Dire flail        |       |       |     1 ||     1
 Fire: Blowgun           |       |     3 |       ||     3
Throw: Stone             |       |       |     1 ||     1
 Cast: Beastly Appendage |     8 |     2 |       ||    10
       Sticks to Snakes  |     1 |    11 |       ||    12
       Spider Form       |       |    17 |    19 ||    36
 Abil: End Transformatio |       |     1 |     3 ||     4
Evoke: Wand              |       |       |     1 ||     1
  Use: Scroll            |       |     7 |     4 ||    11
       Potion            |       |     3 |     1 ||     4
 Stab: Sleeping          |       |     2 |     5 ||     7
       Distracted        |       |     2 |       ||     2
       Paralysed         |       |       |     3 ||     3
  Eat: Ration            |       |     1 |     1 ||     2
       Chunk             |       |       |     2 ||     2
Armor: Robe              |     5 |       |       ||     5
       Skin              |       |     3 |     7 ||    10
       Leather armour    |       |    15 |       ||    15
Dodge: Dodged            |    27 |   189 |   145 ||   361

Table legend:
 A = Turns spent in this place as a percentage of turns spent in the entire game.
 B = Non-inter-level travel turns spent in this place as a percentage of non-inter-level travel turns spent in the entire game.
 C = Inter-level travel turns spent in this place as a percentage of turns spent in this place.
 D = Turns resting spent in this place as a percentage of non-inter-level travel turns spent in this place.
 E = Turns spent auto-exploring this place as a percentage of non-inter-level travel turns spent in this place.
 F = Non-inter-level travel turns spent in this place divided by the number of levels of this place that you've seen.
                   A       B       C       D       E      F
               +-------+-------+-------+-------+-------+----------------------
         Total | 100.0 | 100.0 |   3.1 |   0.0 |   0.0 | 214.4
       Dungeon |  93.2 |  93.1 |   3.2 |   0.0 |   0.0 | 249.5
        Temple |   0.9 |   0.8 |  14.3 |   0.0 |   0.0 |  18.0
         Sewer |   5.9 |   6.1 |   0.0 |   0.0 |   0.0 | 130.0
               +-------+-------+-------+-------+-------+----------------------

Table legend:
 A = Kills in this place as a percentage of kills in entire the game.
 B = Kills by you in this place as a percentage of kills by you in the entire game.
 C = Kills by friends in this place as a percentage of kills by friends in the entire game.
 D = Other kills in this place as a percentage of other kills in the entire game.
 E = Experience gained in this place as a percentage of experience gained in the entire game.
 F = Experience gained in this place divided by the number of levels of this place that you have seen.
                   A       B       C       D       E      F
               +-------+-------+-------+-------+-------+----------------------
         Total | 100.0 | 100.0 | 100.0 | 100.0 | 100.0 | 297.8
       Dungeon |  95.1 |  94.6 | 100.0 | 100.0 |  96.3 | 358.4
         Sewer |   4.9 |   5.4 |   0.0 |   0.0 |   3.7 | 111.0
               +-------+-------+-------+-------+-------+----------------------

Vault maps used:
D:1:      sevenhm_arrival_forest_fort_small_6
D:2:      zin_scriptorium, first_ration, minmay_misc_feat_room, uniq_terence
D:3:      lemuel_doored_altar, cheibrodos_sewer_entry_bend,
          nemelex_spade_bored_becter
D:4:      old_standard_altar, kennysheep_little_box, lemuel_round_altar,
          uniq_grinder, uniq_edmund, uniq_ijyb, uniq_robin
D:5:      tgw_trog
D:6:      grunt_dithmenos_shadows, okawaru_trees_1, uniq_crazy_yiuf_cottage,
          uniq_pikel
D:7:      lemuel_round_altar, kennysheep_vampire_church,
          minmay_temple_entry_fiery
Temple:   nicolae_temple_figure_zero
Sewer:    sewer_the_crocodile
